 Dungeon Crawl Stone Soup version 0.30-a0-170-g85af917532 (webtiles) character file.

Game seed: 2642551394192776543

675 qw the Chopper (level 7, -14/44 HPs)
             Began as a Gargoyle Fighter on Sept 30, 2022.
             Killed from afar by Dowan (18 damage)
             ... with a shard of ice
             ... on level 4 of the Dungeon.
             The game lasted 00:01:22 (4447 turns).

qw the Chopper (Gargoyle Fighter)                   Turns: 4447, Time: 00:01:23

Health: -14/44     AC: 15    Str: 21    XL:     7   Next: 59%
Magic:  7/7        EV:  7    Int:  9    God:
Gold:   169        SH:  4    Dex:  9    Spells: 6/6 levels left

rFire   . . .      SeeInvis .    Y - +0 war axe
rCold   . . .      Faith    .    c - +0 buckler
rNeg    + . .      Spirit   .    g - +0 chain mail
rPois   inf        Reflect  .    h - +0 helmet
rElec   +          Harm     .    (no cloak)
rCorr   .          Rampage  .    (no gloves)
Will    .....                    (no boots)
Stlth   ..........               (no amulet)
HPRegen 0.14/turn                (no ring)
MPRegen 0.10/turn                (no ring)

@: lit by a corona, glowing
A: sickness immunity, AC +4, negative energy resistance 1, electricity
resistance, torment resistance 1, petrification resistance
a: no special abilities


You were on level 4 of the Dungeon.
You visited 1 branch of the dungeon, and saw 4 of its levels.

You collected 169 gold pieces.


Innate Abilities, Weirdness & Mutations

You are immune to sickness and miasma.
Your stone body is resilient. (AC +4)
You are immune to poison.
You resist negative energy. (rN+)
You are resistant to electric shocks. (rElec)
You are resistant to unholy torment.
You are immune to petrification.


   Skills:
 - Level 4.7 Fighting
 + Level 6.7 Axes
 - Level 3.2 Armour
 - Level 1.5 Dodging
 - Level 3.2 Shields


You had 6 spell levels left.
You didn't know any spells.
Your spell library was empty.

Inventory:

Hand Weapons
 l - a +0 morningstar
 Y - a +0 war axe (weapon)
Missiles
 a - 3 boomerangs (quivered)
Armour
 c - a +0 buckler (worn)
 g - a +0 chain mail (worn)
 h - a +0 helmet (worn)
Scrolls
 e - a scroll of identify {unknown}
 k - a scroll of immolation {unknown}
Potions
 b - a potion of resistance {unknown}
 d - 5 potions of might
 f - 2 potions of heal wounds {unknown}
 i - a potion of brilliance {unknown}
 j - a potion of magic {unknown}
 m - a potion of haste {unknown}

Dungeon Overview and Level Annotations

Branches:
Dungeon (4/15)
 Temple: D:4-7

Altars:

Portals:
Abyss: D:4

Annotations:
D:4 1 transporter, Dowan; qw's ghost, amateur GrFi


Message History

You hit Duvessa but do no damage.
Duvessa is almost dead.
You miss Dowan. Duvessa hits you but does no damage. Dowan barely misses you.
You block Duvessa's attack.
You closely miss Duvessa.
Duvessa is almost dead.
You closely miss Dowan. Duvessa hits you but does no damage.
Dowan hits you with a +0 dagger. You block Duvessa's attack.
You barely miss Duvessa.
Duvessa is almost dead.
You closely miss Dowan. Duvessa hits you but does no damage.
You block Dowan's attack.
You hit Duvessa.
You kill Duvessa!
Dowan screams, "No!
No!"
Dowan seems to find hidden reserves of power!
You barely miss Dowan. Dowan closely misses you.
Dowan hits you with a +0 dagger.
You miss Dowan.
Dowan is severely wounded.
Dowan barely misses you. Dowan hits you with a +0 dagger.
You hit Dowan.
Dowan is almost dead.
Dowan gestures wildly while chanting.
Dowan blinks!
You hear a zap.
Some rock shatters into small pieces.
Enter note:
Enter note: You start resting.
Dowan is nearby!
Dowan mumbles some strange words.
Dowan blinks!
You start resting.
Dowan is nearby!
Dowan points at you and mumbles some strange words.
The shard of ice hits you!!
You die...

#.[ .###..##..##.##...##.#...# #
#..##......#..#.5#.........### #
#...####.###..##5#...##.>..#####
#......####....###...#.###......
#.......##............# #######
.#.....................# #...#..
.......................# #.#.###
#.......####.#.####.#..####.#...#
####.#### #.e..@...)..)..#....(.
#.###########.#######.#####...
#..#.#.#...#.#.######.# #....
##...#...#...#......#.# #.###
#.#...#.#.#...#...##.####.# #
#.#...#.#.#...#.<.......#.###
#...#...#...#...#####.###.##.
###.#.#...#.#.#.......###.###
###################.##.....


You could see Dowan (fast).

Vanquished Creatures
  Grinder (D:4)
  Duvessa (D:4)
  An ogre (D:4)
  A kobold brigand (D:4)
  A bullfrog (D:3)
  3 gnolls (D:4)
  7 adders
  2 orcs
  11 endoplasms
  5 giant cockroaches
  6 goblins
  5 hobgoblins
  4 jackals (D:2)
  7 kobolds
  3 quokkas
  8 ball pythons
  4 bats
  2 frilled lizards
  13 rats
85 creatures vanquished.

Vanquished Creatures (others)
  2 plants (D:1)
2 creatures vanquished.

Grand Total: 87 creatures vanquished

Notes
Turn   | Place    | Note
-------+----------+-------------------------------------------
     0 | D:1      | qw the Gargoyle Fighter began the quest for the Orb.
     0 | D:1      | Reached XP level 1. HP: 14/14 MP: 1/1
     0 | D:1      | 0 ||| qw: Version: 0.2-a-13-gfc7b4b4
     0 | D:1      | 0 ||| qw: Game counter: 1673
     0 | D:1      | 0 ||| qw: Always use a shield: true
     0 | D:1      | 0 ||| qw: God list: Okawaru
     0 | D:1      | 0 ||| qw: Allow faded altars: false
     0 | D:1      | 0 ||| qw: Do Orc after D:15 true
     0 | D:1      | 0 ||| qw: Do second Lair branch before Depths: true
     0 | D:1      | 0 ||| qw: Lair rune preference: random
     0 | D:1      | 0 ||| qw: Plans: Normal, Zot:1-4, God:TSO, Crypt, Tomb,
                  | Pan, Slime:5, Hells, Abyss, Orb
     0 | D:1      | 0 ||| PLANNING D:1-11
    24 | D:1      | 24 ||| Stepping ~*~*~tactically~*~*~ (stealth).
    27 | D:1      | 27 ||| Stepping ~*~*~tactically~*~*~ (stealth).
    28 | D:1      | 28 ||| Stepping ~*~*~tactically~*~*~ (stealth).
    35 | D:1      | Reached skill level 2 in Axes
   416 | D:1      | Reached XP level 2. HP: 19/19 MP: 2/2
   760 | D:1      | Reached skill level 3 in Axes
   842 | D:1      | Reached XP level 3. HP: 23/23 MP: 3/3
  1446 | D:1      | 1446 ||| UPGRADING to +0 chain mail.
  1456 | D:1      | 1456 ||| DROPPING +0 scale mail.
  1481 | D:2      | 1481 ||| DROPPING +0 club.
  1540 | D:2      | Reached XP level 4. HP: 28/28 MP: 4/4
  1995 | D:2      | 1995 ||| Stepping ~*~*~tactically~*~*~ (stealth).
  1999 | D:2      | Reached skill level 4 in Axes
  2396 | D:2      | 2396 ||| UPGRADING to +0 helmet.
  2401 | D:2      | 2401 ||| DROPPING +2 hat.
  2402 | D:2      | 2402 ||| READING scroll labelled ALUDGH BETZU.
  2403 | D:2      | 2403 ||| READING scroll labelled DATOOL UW HEVOU.
  2404 | D:2      | 2404 ||| READING scroll labelled WUKEUB DIREU.
  2640 | D:3      | 2640 ||| Stepping ~*~*~tactically~*~*~ (stealth).
  2768 | D:3      | Noticed a bullfrog
  2778 | D:3      | Killed a bullfrog
  2779 | D:3      | Reached skill level 5 in Axes
  2779 | D:3      | Reached XP level 5. HP: 25/32 MP: 5/5
  2993 | D:3      | 2993 ||| Stepping ~*~*~tactically~*~*~ (stealth).
  3329 | D:3      | 3329 ||| DROPPING +0 whip.
  3376 | D:3      | 3376 ||| READING scroll labelled PACHUT YSA.
  3381 | D:3      | 3381 ||| READING scroll labelled CAC NITURGHYW.
  3390 | D:4      | Found a one-way gate to the infinite horrors of the Abyss.
  3390 | D:4      | Noticed qw's ghost (amateur GrFi)
  3455 | D:4      | 3455 ||| Stepping ~*~*~tactically~*~*~ (stealth).
  3602 | D:4      | Noticed a kobold brigand
  3604 | D:4      | 3604 ||| Stepping ~*~*~tactically~*~*~ (stealth).
  3620 | D:4      | Killed a kobold brigand
  3621 | D:4      | Reached XP level 6. HP: 11/39 MP: 6/6
  3623 | D:4      | HP: 9/39 [goblin/+0 dagger of holy wrath (3)]
  3705 | D:4      | 3705 ||| FLEEEEING.
  3892 | D:4      | Noticed Grinder
  3896 | D:4      | 3896 ||| Stepping ~*~*~tactically~*~*~ (hiding).
  3903 | D:4      | 3903 ||| Stepping ~*~*~tactically~*~*~ (stealth).
  3912 | D:4      | Paralysed by Grinder for 3 turns
  3916 | D:4      | Killed Grinder
  3917 | D:4      | Reached skill level 6 in Axes
  3917 | D:4      | Reached XP level 7. HP: 20/44 MP: 7/7
  4105 | D:4      | Found a transporter.
  4210 | D:4      | Reached skill level 1 in Dodging
  4413 | D:4      | Noticed Duvessa
  4413 | D:4      | Noticed Dowan
  4434 | D:4      | HP: 10/44 [Dowan/+0 dagger (3)]
  4439 | D:4      | Killed Duvessa
  4439 | D:4      | HP: 8/44 [Dowan/+0 dagger (1)]
  4440 | D:4      | HP: 3/44 [Dowan/+0 dagger (5)]
  4447 | D:4      | Killed from afar by Dowan

Levels and vault maps discovered:
D:1:      dpeg_arrival_boxorama, layout_basic, serial_curves, eino_curves_01,
          eino_curves_01, serial_bayou_ford_a
D:2:      layout_loops_ring
D:3:      layout_basic
D:4:      layout_basic, bloody_trog, gammafunk_ghost_abyssal_escape,
          moated_statue, grunt_decor_fettered, minmay_misc_feat_alley,
          uniq_duvessa, uniq_grinder, uniq_sigmund

Skill      XL: |  1  2  3  4  5  6  7 |
---------------+----------------------+-----
Axes           | 2 3 5 6 |  6.7
Fighting       | 4 |  4.7
Dodging        | 1 |  1.5
Armour         | |  3.2
Shields        | |  3.2

Action                   |  1- 3 |  4- 6 |  7- 9 || total
-------------------------+-------+-------+-------++-------
Melee: War axe           |    98 |   164 |    29 ||   291
Throw: Boomerang         |       |    21 |     3 ||    24
  Use: Scroll            |       |     5 |       ||     5
Armor: Scale mail        |    21 |       |       ||    21
       Chain mail        |    19 |    92 |    16 ||   127
Dodge: Dodged            |    39 |    69 |    19 ||   127
Block: Buckler           |    13 |    36 |     7 ||    56

Table legend:
 A = Non-vault XP
 B = Vault XP
 C = Vault XP percentage of total XP
 D = Non-vault monster count
 E = Vault monster count
 F = Vault count percentage of total count
                 A         B        C        D         E       F
            +---------+---------+-------+---------+---------+-------
      Total |     546 |     419 |  43.4 |      83 |       2 |   2.4
            +---------+---------+-------+---------+---------+-------
        D:1 |      45 |       0 |   0.0 |      28 |       0 |   0.0
        D:2 |      89 |       0 |   0.0 |      27 |       0 |   0.0
        D:3 |     118 |       0 |   0.0 |      15 |       0 |   0.0
        D:4 |     294 |     419 |  58.8 |      13 |       2 |  13.3
            +---------+---------+-------+---------+---------+-------
